 Dungeon Crawl Stone Soup version 0.30-b1-2-g02819fbbbe (webtiles) character file.

Game seed: 5674189034573852979

4561 Arzdou the Covert (level 10, -11/50 HPs)
             Began as a Kobold Enchanter on May 31, 2023.
             Was a Priest of Wu Jian.
             Mangled by a vault guard
             ... wielding a +0 broad axe
              (20 damage)
             ... in a bailey on June 1, 2023.
             The game lasted 00:21:54 (8224 turns).

Arzdou the Covert (Kobold Enchanter)                Turns: 8224, Time: 00:21:54

Health: -11/50     AC:  7    Str:  5    XL:     10   Next: 67%
Magic:  9/17       EV: 19    Int: 19    God:    Wu Jian [***...]
Gold:   1353       SH:  0    Dex: 18    Spells: 11/19 levels left

rFire   . . .        w - +9 dagger (venom)
rCold   . . .        (no shield)
rNeg    . . .        A - +0 troll leather armour
rPois   .            b - +0 helmet
rElec   .            (no cloak)
rCorr   .            (no gloves)
SInv    .            t - +0 pair of boots
Will    .....        d - amulet of regeneration
Stlth   +++++        (no ring)
HPRegen 1.88/turn    (no ring)
MPRegen 0.15/turn

%: no passive effects
@: confusing by touch
A: small, no large weapons, nightstalker 3
a: Renounce Religion, Wall Jump, Serpent's Lash


You were in a bailey.
You worshipped Wu Jian.
Wu Jian was most pleased with you.
You visited 2 branches of the dungeon, and saw 9 of its levels.
You also visited: Sewer and Bailey.

You collected 1353 gold pieces.

Inventory:

Hand Weapons
 a - a +1 dagger
 f - a +1 dagger of protection
 w - a +9 dagger of venom (weapon)
Missiles
 j - 4 atropa-tipped darts
Armour
 b - a +0 helmet (worn)
 t - a +0 pair of boots (worn)
 A - a +0 troll leather armour (worn)
Jewellery
 d - an amulet of regeneration (around neck)
Wands
 m - a wand of iceblast (10)
 z - a wand of mindburst (8)
Scrolls
 c - a scroll of teleportation {unknown}
 i - 2 scrolls of vulnerability
 p - 3 scrolls of enchant armour
 q - a scroll of immolation
 r - 2 scrolls of fog
Potions
 e - 4 potions of curing
 g - 2 potions of attraction
 h - 5 potions of lignification
 k - a potion of flight {unknown}
 l - a potion of cancellation {unknown}
 o - a potion of resistance {unknown}
 s - 2 potions of brilliance


   Skills:
 + Level 7.3 Short Blades
 + Level 4.4 Armour
 - Level 10.0 Dodging
 - Level 10.0 Stealth
 - Level 5.0 Spellcasting
 - Level 6.1 Hexes
 - Level 2.0 Ice Magic


You had 11 spell levels left.
You knew the following spells:

 Your Spells              Type           Power      Damage    Failure   Level
a - Ensorcelled Hibernat  Hex/Ice        40%        N/A       5%          2
b - Confusing Touch       Hex            28%        N/A       4%          3
c - Tukima's Dance        Hex            28%        N/A       4%          3

Your spell library contained the following spells:

 Spells                   Type           Power      Damage    Failure   Level
 Dazzling Flash           Conj/Hex       32%        N/A       16%         3
 Magic Dart               Conj           16%        1d3       19%         1
 Blink                    Tloc           8%         N/A       28%         2
 Cigotuvi's Dreadful Rot  Necr/Pois/Air  8%         N/A       28%         2
 Lesser Beckoning         Tloc           8%         N/A       28%         2
 Momentum Strike          Conj/Tloc      8%         3d8       28%         2
 Searing Ray              Conj           8%         2d4       28%         2
 Sublimation of Blood     Necr           4%         N/A       28%         2
 Fulminant Prism          Conj/Hex       8%         3d6       47%         4
 Leda's Liquefaction      Hex/Erth       8%         N/A       47%         4
 Dispel Undead            Necr           4%         3d7       88%         4
 Manifold Assault         Tloc           4%         N/A       88%         4
 Petrify                  Tmut/Erth      4%         N/A       88%         4
 Irradiate                Conj/Tmut      2%         3d12      99%         5
 Lee's Rapid Deconstruct  Erth           2%         3d4*      99%         5
 Death Channel            Necr           2%         N/A       100%        6
 Dispersal                Tloc           2%         N/A       100%        6
 Statue Form              Tmut/Erth      2%         N/A       100%        6
 Disjunction              Tloc           2%         N/A       100%        8


Dungeon Overview and Level Annotations

Branches:
Dungeon (8/15)             Temple (1/1) D:4           Sewer (visited)
 Bailey (1/1)
   Lair: D:8-11

Altars:
Ashenzari
Cheibriados
Dithmenos
Elyvilon
Fedhas
Gozag
Hepliaklqana
Kikubaaqudgha
Makhleb
Nemelex Xobeh
Okawaru
Qazlal
Ru
Sif Muna
Trog
Uskayaw
Vehumet
Wu Jian
Yredelemnul
Zin
The Shining One


Innate Abilities, Weirdness & Mutations

You are small and have problems with some larger weapons.
You are completely attuned to the shadows.


Message History

The vault guard is lightly wounded.
The vault guard hits you with a +0 broad axe!
You spin and attack the vault guard repeatedly.
You hit the vault guard.
The vault guard looks as sick as possible!
The vault guard is moderately wounded.
You closely miss the vault guard.
The vault guard is moderately wounded.
The vault guard hits you with a +0 broad axe!
The vault guard attacks as you move away!
The vault guard hits you with a +0 broad axe!
You see here a murky puce potion.
You are too injured to fight recklessly!
Casting: Ensorcelled Hibernation (safe; 5% risk of failure)
Confirm with . or Enter, or press ? or * to list all spells.
Aiming: Ensorcelled Hibernation (safe; 5% risk of failure)
Press: ? - help, Shift-Dir - straight line, f - vault guard
Aim: a vault guard, wielding a +0 broad axe and wearing a +0 chain mail (heavily wounded, extremely poisoned, chance to affect: 20%)
The vault guard resists with almost no effort.
The vault guard hits you with a +0 broad axe.
Casting: Ensorcelled Hibernation (safe; 5% risk of failure)
Confirm with . or Enter, or press ? or * to list all spells.
Your hands begin to glow red.
The vault guard misses you. The vault guard completely misses you.
You completely miss the vault guard.
The vault guard is heavily wounded.
You hit the vault guard but do no damage.
The vault guard is heavily wounded.
The vault guard hits you with a +0 broad axe!
You closely miss the vault guard.
The vault guard is heavily wounded.
The vault guard hits you with a +0 broad axe!
* * * LOW HITPOINT WARNING * * *
You see here a scroll labelled SOL TUALAU.
Casting: Confusing Touch (dangerous; 4% risk of failure)
Confirm with . or Enter, or press ? or * to list all spells.
Your hands begin to glow brighter.
The vault guard hits you but does no damage.
The vault guard hits you with a +0 broad axe!!
You die...

~~.≈##
#######~..~≈###
##?....##...~≈≈###
#!!.....#....~~≈≈≈
#@p..∩..'.~....~~~
#$!.....#........)
##:....##~......~~
#######~~~.....~≈
#≈~~~~~~~~~≈
##≈~~~~~~~~~ ##
###.


You could see a vault guard (very poisoned).

Vanquished Creatures
  A troll (D:7)
  Prince Ribbit (Bailey)
  9 humans (Bailey)
  A water moccasin (D:5)
  A sky beast (D:7)
  An ogre (D:5)
  A centaur (D:7)
  A phantom (D:7)
  2 gnoll sergeants
  4 scorpions
  13 bullfrogs
  4 wights (D:7)
  5 killer bees (D:8)
  A howler monkey (D:5)
  3 orc priests
  A jelly (D:7)
  A hound (D:5)
  A sleepcap (D:5)
  3 iguanas
  5 orc wizards
  15 gnolls
  13 adders
  3 river rats
  3 white imps
  3 ufetubi
  A dart slug (D:2)
  19 orcs
  8 endoplasms
  12 giant cockroaches
  10 hobgoblins
  3 kobolds (D:1)
  8 quokkas
  16 ball pythons
  7 bats
  13 frilled lizards
  9 goblins
  6 rats
208 creatures vanquished.

Notes
Turn   | Place    | Note
-------+----------+-------------------------------------------
     0 | D:1      | Arzdou the Kobold Enchanter began the quest for the Orb.
     0 | D:1      | Reached XP level 1. HP: 10/10 MP: 3/3
   198 | D:1      | Reached XP level 2. HP: 15/15 MP: 5/5
   340 | D:1      | Learned a level 2 spell: Ensorcelled Hibernation
  1008 | D:2      | Reached XP level 3. HP: 19/19 MP: 3/6
  1188 | D:2      | Reached skill level 5 in Stealth
  1474 | D:2      | Reached XP level 4. HP: 24/24 MP: 4/7
  1478 | D:2      | Learned a level 3 spell: Confusing Touch
  2130 | D:3      | Found a glowing drain.
  2149 | D:4      | Reached XP level 5. HP: 7/28 MP: 2/8
  2171 | Sewer    | Entered a sewer
  2590 | Sewer    | Noticed a bullfrog
  2592 | Sewer    | Noticed a bullfrog
  2596 | Sewer    | Killed a bullfrog
  2597 | Sewer    | Reached skill level 5 in Hexes
  2597 | Sewer    | Reached XP level 6. HP: 26/32 MP: 4/9
  2599 | Sewer    | Identified the +8 trident of Dowdy Tender Mercy {heavy,
                  | rN+}
  3220 | D:4      | Found a staircase to the Ecumenical Temple.
  3250 | Temple   | Entered the Ecumenical Temple
  3336 | Temple   | Became a worshipper of the Wu Jian Council
  3730 | D:4      | Reached XP level 7. HP: 36/36 MP: 10/10
  3968 | D:4      | You fall into a shaft and drop 1 floor!
  3968 | D:5      | Entered Level 5 of the Dungeon
  4591 | D:5      | Noticed a water moccasin
  4598 | D:5      | Killed a water moccasin
  5243 | D:5      | Reached skill level 1 in Ice Magic
  5280 | D:5      | Reached XP level 8. HP: 41/41 MP: 10/12
  5864 | D:6      | Reached * piety under Wu Jian
  6311 | D:6      | Reached skill level 10 in Stealth
  6749 | D:7      | Reached skill level 5 in Spellcasting
  6789 | D:7      | Reached skill level 5 in Dodging
  6789 | D:7      | Reached XP level 9. HP: 45/45 MP: 16/16
  7133 | D:7      | Found a snail-covered altar of Cheibriados.
  7267 | D:7      | Noticed a troll
  7271 | D:7      | Killed a troll
  7361 | D:7      | Reached ** piety under Wu Jian
  7511 | D:7      | Found an iron altar of Okawaru.
  7515 | D:7      | Found a burning altar of Makhleb.
  7517 | D:7      | Found an ancient bone altar of Kikubaaqudgha.
  7518 | D:7      | Found a faded altar of an unknown god.
  7523 | D:7      | Found a faded altar of an unknown god.
  7612 | D:7      | Learned a level 3 spell: Tukima's Dance
  7698 | D:8      | Identified a scroll of acquirement
  7698 | D:8      | Acquired 1034 gold pieces
  7965 | D:8      | Found a flagged portal.
  7989 | Bailey   | Entered a bailey
  8003 | Bailey   | Reached skill level 10 in Dodging
  8014 | Bailey   | Reached skill level 1 in Armour
  8020 | Bailey   | Reached XP level 10. HP: 46/50 MP: 15/17
  8044 | Bailey   | Reached skill level 5 in Short Blades
  8069 | Bailey   | Reached *** piety under Wu Jian
  8206 | Bailey   | Noticed Prince Ribbit
  8207 | Bailey   | Noticed a vault guard
  8210 | Bailey   | Killed Prince Ribbit
  8224 | Bailey   | Mangled by a vault guard

Illustrated notes

Levels and vault maps discovered:
D:1:      ncdulo_lavacross, layout_basic
D:2:      layout_loops_ring
D:3:      layout_rooms, portal_sewer_entry_b, grunt_decor_junction
D:4:      layout_loops_ring, minmay_temple_entry_ruins
D:5:      layout_loops_corners
D:6:      layout_basic
D:7:      layout_loops_ring, pf_just_have_faith,
          chequers_temple_overflow_minitemple, serial_park_tiny_pond
D:8:      layout_gridville, enter_bailey_4, disabler_island
Temple:   bh_familiar_temple
Bailey:   bailey_axe_froggy_fort_hellmonk, bailey

Skill      XL: |  1  2  3  4  5  6  7  8  9 10 |
---------------+-------------------------------+-----
Stealth        | 5 6 7 9 10 | 10.0
Hexes          | 4 5 6 |  6.1
Ice Magic      | 1 2 |  2.0
Spellcasting   | 5 |  5.0
Dodging        | 5 10 | 10.0
Short Blades   | 3 7 |  7.3
Armour         | 1 4 |  4.4

Action                     |  1- 3 |  4- 6 |  7- 9 | 10-12 || total
---------------------------+-------+-------+-------+-------++-------
  Melee: Dagger            |    64 |   130 |   307 |    69 ||   570
         Punch             |       |     1 |     4 |       ||     5
   Cast: Ensorcelled Hiber |     8 |    24 |    56 |     9 ||    97
         Confusing Touch   |       |       |    12 |     2 ||    14
Ability: Lunge             |       |     1 |    33 |     6 ||    40
         Whirlwind         |       |       |    11 |    18 ||    29
    Use: Scroll            |       |     3 |    13 |       ||    16
         Potion            |       |     1 |     1 |       ||     2
   Stab: Sleeping          |    24 |    42 |    51 |    11 ||   128
         Invisible         |       |     2 |     1 |       ||     3
         Confused          |       |       |     9 |       ||     9
 Armour: Robe              |    11 |    27 |    42 |       ||    80
         Troll leather arm |       |       |    27 |     5 ||    32
  Dodge: Dodged            |    37 |   110 |   251 |    39 ||   437
